NCAA
LOUISVILLE CARDINALS @ SOUTHERN CALIFORNIA TROJANS
04/27/2028
 
TOP OF THE 1ST
Louisville Cardinals batting - Pitching for Southern California Trojans : RHP Micheal Farr
Pitching: RHP Micheal Farr
Batting: RHB Larry Johnson 0-0: SOLO HOME RUN (Flyball, 7LD), Distance : 322 ft
Batting: RHB Bobby Hendricks 0-0: Called Strike
0-1: Ground out 6-3 (Groundball, 6)
Batting: RHB James Everhart 0-0: Foul Ball, location: 2F
0-1: Called Strike
0-2: Fly out, F8 (Flyball, 8RM)
Batting: RHB Mike Harris 0-0: Ball
1-0: Fly out, F8 (Flyball, 78M)
Top of the 1st over - 1 run(s), 1 hit(s), 0 error(s), 0 left on base; Louisville 1 - Southern California 0
BOTTOM OF THE 1ST
Southern California Trojans batting - Pitching for Louisville Cardinals : RHP Adam Lawson
Pitching: RHP Adam Lawson
Batting: RHB Ben Byrd 0-0: Called Strike
0-1: Foul Ball, location: 2F
0-2: Ball
1-2: Ball
2-2: Fly out, F7 (Flyball, 78D)
Batting: RHB Ben Martínez 0-0: SINGLE (Line Drive, 7LM)
Batting: LHB Kel Smith 0-0: Ball
1-0: Ball
2-0: Foul Ball, location: 2F
2-1: Swinging Strike
2-2: Ball
3-2: Foul Ball, location: 2F
3-2: Foul Ball, location: 2F
3-2: SINGLE (Groundball, 34D)
Ben Martínez to second
Runner from 2nd tries for 3rd, OUT!
Batting: RHB Mike Carter 0-0: Called Strike
0-1: Ground out 5-3 (Groundball, 56S)
Bottom of the 1st over - 0 run(s), 2 hit(s), 0 error(s), 1 left on base; Louisville 1 - Southern California 0
TOP OF THE 2ND
Louisville Cardinals batting - Pitching for Southern California Trojans : RHP Micheal Farr
Batting: RHB Charlie Guzmén 0-0: Called Strike
0-1: Called Strike
0-2: Strikes out swinging
Batting: RHB José Ortíz 0-0: Ball
1-0: Fly out, F9 (Line Drive, 9)
Batting: RHB Roberto Peńa 0-0: Ball
1-0: Ball
2-0: Ball
3-0: Base on Balls
Batting: RHB Scott Cabrera 0-0: Foul Ball, location: 2F
0-1: Ball
1-1: Called Strike
1-2: Strikes out swinging
Top of the 2nd over - 0 run(s), 0 hit(s), 0 error(s), 1 left on base; Louisville 1 - Southern California 0
BOTTOM OF THE 2ND
Southern California Trojans batting - Pitching for Louisville Cardinals : RHP Adam Lawson
Batting: RHB Eddy Davenport 0-0: Foul Ball, location: 2F
0-1: Called Strike
0-2: Strikes out swinging
Batting: RHB Fletcher López 0-0: SINGLE (Line Drive, 56D)
Batting: SHB Will O'Clerkin 0-0: Called Strike
0-1: Swinging Strike
0-2: Strikes out swinging
Batting: LHB Gene Riddle 0-0: Called Strike
0-1: Called Strike
0-2: Ball
1-2: Strikes out swinging
Bottom of the 2nd over - 0 run(s), 1 hit(s), 0 error(s), 1 left on base; Louisville 1 - Southern California 0
TOP OF THE 3RD
Louisville Cardinals batting - Pitching for Southern California Trojans : RHP Micheal Farr
Batting: SHB Dan Williams 0-0: Ball
1-0: Ball
2-0: Called Strike
2-1: Fly out, F9 (Flyball, 89M)
Batting: RHB Larry Johnson 0-0: Fly out, F8 (Flyball, 78S)
Batting: RHB Bobby Hendricks 0-0: Foul Ball, location: 2F
0-1: Swinging Strike
0-2: Ball
1-2: Ball
2-2: Fly out, F2 (Popup, 34S)
Top of the 3rd over - 0 run(s), 0 hit(s), 0 error(s), 0 left on base; Louisville 1 - Southern California 0
BOTTOM OF THE 3RD
Southern California Trojans batting - Pitching for Louisville Cardinals : RHP Adam Lawson
Batting: RHB John Fergusson 0-0: Ground out 5-3 (Groundball, 56S)
Batting: RHB Ben Byrd 0-0: SINGLE (Groundball, 4D)
Batting: RHB Ben Martínez 0-0: Foul Ball, location: 2F
0-1: Ball
1-1: Swinging Strike
1-2: Ball
2-2: Strikes out swinging
Batting: LHB Kel Smith 0-0: Called Strike
Ben Byrd steals 2nd base
0-1: Ground out U3 (Groundball, 34)
Bottom of the 3rd over - 0 run(s), 1 hit(s), 0 error(s), 1 left on base; Louisville 1 - Southern California 0
TOP OF THE 4TH
Louisville Cardinals batting - Pitching for Southern California Trojans : RHP Micheal Farr
Batting: RHB James Everhart 0-0: Ball
1-0: Ground out 6-3 (Groundball, 56)
Batting: RHB Mike Harris 0-0: Swinging Strike
0-1: Ball
1-1: Ball
2-1: Foul Ball, location: 2F
2-2: SINGLE (Line Drive, 34)
Batting: RHB Charlie Guzmén 0-0: Foul Ball, location: 2F
0-1: Ball
1-1: Ball
2-1: Foul Ball, location: 2F
2-2: Foul Ball, location: 2F
2-2: Strikes out swinging
Batting: RHB José Ortíz 0-0: Swinging Strike
0-1: Ball
1-1: 2-RUN HOME RUN (Flyball, 7D), Distance : 352 ft
Batting: RHB Roberto Peńa 0-0: Called Strike
0-1: Foul Ball, location: 2F
0-2: Fly out, F8 (Flyball, 8RD)
Top of the 4th over - 2 run(s), 2 hit(s), 0 error(s), 0 left on base; Louisville 3 - Southern California 0
BOTTOM OF THE 4TH
Southern California Trojans batting - Pitching for Louisville Cardinals : RHP Adam Lawson
Batting: RHB Mike Carter 0-0: Called Strike
0-1: Fly out, F8 (Flyball, 78M)
Batting: RHB Eddy Davenport 0-0: Ball
1-0: Ball
2-0: Ball
3-0: Base on Balls
Batting: RHB Fletcher López 0-0: Ball
1-0: Ball
2-0: Grounds into double play, 6-4-3 (Groundball, 6)
Bottom of the 4th over - 0 run(s), 0 hit(s), 0 error(s), 0 left on base; Louisville 3 - Southern California 0
TOP OF THE 5TH
Louisville Cardinals batting - Pitching for Southern California Trojans : RHP Micheal Farr
Batting: RHB Scott Cabrera 0-0: Called Strike
0-1: Ball
1-1: Ball
2-1: Foul Ball, location: 2F
2-2: Strikes out swinging
Batting: SHB Dan Williams 0-0: Ball
1-0: Foul Ball, location: 2F
1-1: Called Strike
1-2: Ball
2-2: Strikes out swinging
Batting: RHB Larry Johnson 0-0: Ball
1-0: Called Strike
1-1: Called Strike
1-2: Strikes out swinging
Top of the 5th over - 0 run(s), 0 hit(s), 0 error(s), 0 left on base; Louisville 3 - Southern California 0
BOTTOM OF THE 5TH
Southern California Trojans batting - Pitching for Louisville Cardinals : RHP Adam Lawson
Batting: SHB Will O'Clerkin 0-0: Ball
1-0: Ball
2-0: Ball
3-0: Base on Balls
Batting: LHB Gene Riddle 0-0: Ball
1-0: Ball
2-0: Called Strike
2-1: Called Strike
2-2: Strikes out swinging
Batting: RHB John Fergusson 0-0: Ball
1-0: Ball
2-0: Ball
3-0: Foul Ball, location: 2F
3-1: Foul Ball, location: 2F
3-2: Fly out, F9 (Flyball, 9LS)
Batting: RHB Ben Byrd 0-0: Ball
1-0: Called Strike
1-1: Swinging Strike
1-2: Ball
2-2: Strikes out swinging
Bottom of the 5th over - 0 run(s), 0 hit(s), 0 error(s), 1 left on base; Louisville 3 - Southern California 0
TOP OF THE 6TH
Louisville Cardinals batting - Pitching for Southern California Trojans : RHP Micheal Farr
Batting: RHB Bobby Hendricks 0-0: Foul Ball, location: 2F
0-1: Foul Ball, location: 2F
0-2: Foul Ball, location: 2F
0-2: Ball
1-2: Foul Ball, location: 2F
1-2: Ball
2-2: Ball
3-2: Strikes out swinging
Batting: RHB James Everhart 0-0: Ball
1-0: Foul Ball, location: 2F
1-1: Ground out 5-3 (Groundball, 5L)
Batting: RHB Mike Harris 0-0: Ball
1-0: Ball
2-0: Ball
3-0: Base on Balls
Batting: RHB Charlie Guzmén 0-0: Called Strike
0-1: Ball
Mike Harris steals 2nd base
1-1: Foul Ball, location: 2F
1-2: Strikes out swinging
Top of the 6th over - 0 run(s), 0 hit(s), 0 error(s), 1 left on base; Louisville 3 - Southern California 0
BOTTOM OF THE 6TH
Southern California Trojans batting - Pitching for Louisville Cardinals : RHP Adam Lawson
Batting: RHB Ben Martínez 0-0: SINGLE (Line Drive, 4MD)
Batting: LHB Kel Smith 0-0: Ball
Ben Martínez steals 2nd base
1-0: Ball
2-0: Ball
3-0: Base on Balls
Batting: RHB Mike Carter 0-0: Called Strike
0-1: Ball
1-1: Ball
2-1: Fly out, F3 (Popup, 3L)
Batting: RHB Eddy Davenport 0-0: Ball
1-0: Ball
2-0: Ball
3-0: Swinging Strike
3-1: Called Strike
3-2: Strikes out swinging
Kel Smith steals 2nd base
Batter strikes out.
Ben Martínez to third
Pitching: RHP Shawn Gilliam
Batting: RHB Fletcher López 0-0: Ball
1-0: Fly out, F5 (Flyball, 5D)
Bottom of the 6th over - 0 run(s), 1 hit(s), 0 error(s), 2 left on base; Louisville 3 - Southern California 0
TOP OF THE 7TH
Louisville Cardinals batting - Pitching for Southern California Trojans : RHP Micheal Farr
Pitching: RHP Jorge Escobar
Batting: RHB José Ortíz 0-0: Called Strike
0-1: Ball
1-1: Ball
2-1: Swinging Strike
2-2: Ball
3-2: Foul Ball, location: 2F
3-2: Reached on error, E9 (Flyball, 89S)
Batting: RHB Roberto Peńa 0-0: Ball
1-0: Sac Bunt - play at first, batter OUT! 4-3
José Ortíz to second
Batting: RHB Scott Cabrera 0-0: Called Strike
0-1: Ball
1-1: Foul Ball, location: 2F
1-2: Ball
2-2: Ball
3-2: Foul Ball, location: 2F
3-2: Strikes out swinging
Batting: SHB Dan Williams 0-0: Fly out, F4 (Popup, 34)
Top of the 7th over - 0 run(s), 0 hit(s), 1 error(s), 1 left on base; Louisville 3 - Southern California 0
BOTTOM OF THE 7TH
Southern California Trojans batting - Pitching for Louisville Cardinals : RHP Shawn Gilliam
Batting: SHB Will O'Clerkin 0-0: Ball
1-0: Ball
2-0: Ball
3-0: Base on Balls
Batting: LHB Gene Riddle 0-0: Called Strike
0-1: Ball
1-1: Called Strike
1-2: Ball
2-2: Strikes out swinging
Batting: RHB John Fergusson 0-0: Ball
1-0: Called Strike
1-1: Ball
2-1: Foul Ball, location: 2F
2-2: Strikes out swinging
Batting: RHB Ben Byrd 0-0: Swinging Strike
0-1: Foul Ball, location: 2F
0-2: Ball
1-2: Ball
2-2: Ball
3-2: Base on Balls
Will O'Clerkin to second
Batting: RHB Ben Martínez 0-0: Called Strike
0-1: Ball
1-1: Called Strike
1-2: Fly out, F9 (Flyball, 9LSF)
Bottom of the 7th over - 0 run(s), 0 hit(s), 0 error(s), 2 left on base; Louisville 3 - Southern California 0
TOP OF THE 8TH
Louisville Cardinals batting - Pitching for Southern California Trojans : RHP César Álvarez
Pitching: RHP César Álvarez
Batting: RHB Larry Johnson 0-0: Fly out, F6 (Popup, 56)
Batting: RHB Bobby Hendricks 0-0: Called Strike
0-1: Ball
1-1: Ball
2-1: Swinging Strike
2-2: Strikes out swinging
Batting: RHB James Everhart 0-0: Ball
1-0: Called Strike
1-1: Swinging Strike
1-2: Strikes out swinging
Top of the 8th over - 0 run(s), 0 hit(s), 0 error(s), 0 left on base; Louisville 3 - Southern California 0
BOTTOM OF THE 8TH
Southern California Trojans batting - Pitching for Louisville Cardinals : RHP Shawn Gilliam
Batting: LHB Kel Smith 0-0: Called Strike
0-1: Fly out, F9 (Line Drive, 9)
Batting: RHB Mike Carter 0-0: Ball
1-0: Foul Ball, location: 2F
1-1: Ball
2-1: Ball
3-1: Called Strike
3-2: Base on Balls
Batting: RHB Eddy Davenport 0-0: Ball
1-0: Foul Ball, location: 2F
1-1: Called Strike
1-2: Ball
2-2: Strikes out swinging
Batting: RHB Fletcher López 0-0: Ball
1-0: Fly out, F8 (Flyball, 8RM)
Bottom of the 8th over - 0 run(s), 0 hit(s), 0 error(s), 1 left on base; Louisville 3 - Southern California 0
TOP OF THE 9TH
Louisville Cardinals batting - Pitching for Southern California Trojans : RHP César Álvarez
Pitching: RHP Roberto Montoya
Batting: RHB Mike Harris 0-0: Called Strike
0-1: Called Strike
0-2: Strikes out looking
Batting: RHB Charlie Guzmén 0-0: Ball
1-0: Ball
2-0: Ball
3-0: Called Strike
3-1: Called Strike
3-2: Foul Ball, location: 2F
3-2: SINGLE (Groundball, 56S) (infield hit)
Batting: RHB José Ortíz 0-0: Ball
1-0: Ball
2-0: Called Strike
2-1: Swinging Strike
2-2: Fly out, F7 (Flyball, 78M)
Batting: RHB Roberto Peńa 0-0: Called Strike
0-1: Ball
1-1: Ball
2-1: Foul Ball, location: 2F
2-2: Foul Ball, location: 2F
2-2: Foul Ball, location: 2F
2-2: Ground out 4-3 (Groundball, 4S)
Top of the 9th over - 0 run(s), 1 hit(s), 0 error(s), 1 left on base; Louisville 3 - Southern California 0
BOTTOM OF THE 9TH
Southern California Trojans batting - Pitching for Louisville Cardinals : RHP Shawn Gilliam
Pitching: RHP Dave Molyneaux
Batting: SHB Will O'Clerkin 0-0: Called Strike
0-1: Ball
1-1: Fly out, F7 (Flyball, 78D)
Batting: LHB Gene Riddle 0-0: Fly out, F7 (Flyball, 78S)
Batting: RHB John Fergusson 0-0: Ball
1-0: Fly out, F6 (Popup, 5D)
Bottom of the 9th over - 0 run(s), 0 hit(s), 0 error(s), 0 left on base; Louisville 3 - Southern California 0
Tuesday, August 8th, 2017 - OOTP Baseball 17.12 Build 75